AoeStats
← Oscar

Arabia

509734655Analyzed
1v1 RM · 6d ago on Sep 27, 2026· 37m 33s· 2 players
Game mode
Random Map
Map size
Tiny (2 player)
Population
200
Speed
Normal
Resources
Standard
Victory
Conquest
Starting age
Dark Age
Ending age
Imperial Age
RankedLock teamsTeams togetherTeam positionsShared explorationLock speedFull tech treeHidden civsTurbo modeCheats
Victory
Defeat
🇲🇽 Mongols · Mexico
909
+17
🇨🇭 Mongols · Switzerland
923
-17
Spartak_2406
6:32 Loom
10:03 Feudal Age
10:48 Gold Mining
10:49 Double-Bit Axe
18:24 Fletching
22:15 Castle Age
21:02 Forging
20:55 Padded Archer Armor
24:00 Crossbowman
30:06 Wheelbarrow
29:23 Town Watch
33:53 Thumb Ring
34:03 Stone Mining
36:50 Bodkin Arrow
40:41 Imperial Age
Oscar
9:59 Feudal Age
10:09 Man-at-Arms
11:03 Double-Bit Axe
11:06 Loom
11:55 Scale Mail Armor
12:50 Fletching
15:08 Town Watch
16:04 Horse Collar
19:25 Gold Mining
23:10 Castle Age
23:04 Scale Barding Armor
23:12 Bloodlines
28:50 Wheelbarrow
27:44 Elite Skirmisher
28:38 Forging
30:44 Bow Saw
32:00 Stone Mining
33:47 Chain Barding Armor
37:45 Hand Cart
Connection lost

Rejoining the realm…

Still unreachable

The connection could not be restored.

Session expired

The server has moved on; the page needs a fresh start.